 Dungeon Crawl Stone Soup version 0.19-a0-805-g0a78ef0 (webtiles) character file.

2108 vatarom the Fighter (level 9, -5/77 HPs)
             Began as a Formicid Fighter on June 27, 2016.
             Was an Initiate of Hepliaklqana.
             Killed from afar by an orc wizard (8 damage)
             ... with a magic dart
             ... on level 10 of the Dungeon.
             The game lasted 00:09:02 (5610 turns).

vatarom the Fighter (Formicid Fighter)              Turns: 5610, Time: 00:09:02

Health: -5/77      AC: 12    Str: 21    XL:     9   Next: 53%
Magic:  9/9        EV:  8    Int:  9    God:    Hepliaklqana [......]
Gold:   443        SH: 10    Dex: 12    Spells: 0 memorised, 8 levels left

rFire  + . .     SeeInvis +     a - +1 war axe
rCold  x . .     Gourm    .     b - +0 scale mail
rNeg   . . .     Faith    .     c - +0 shield
rPois  +         Spirit   .     (helmet unavailable)
rElec  .         Dismiss  .     i - +1 cloak
rCorr  .         Reflect  .     u - +0 pair of gloves
SustAt .         Harm     .     (no boots)
MR     .....                    (no amulet)
Stlth  ..........               w - ring of fire
                                n - ring of poison resistance

@: not resistant to hostile enchantments, extremely unstealthy
A: permanent stasis, dig shafts and tunnels, four strong arms, antennae 3
a: Dig, Shaft Self, Recall Ancestor, Ancestor Identity, Renounce Religion


You were on level 10 of the Dungeon.
You worshipped Hepliaklqana.
Hepliaklqana was noncommittal.
You were not hungry.

You visited 2 branches of the dungeon, and saw 9 of its levels.
You also visited: Sewer.

You collected 443 gold pieces.

Inventory:

Hand Weapons
 a - a +1 war axe (weapon)
Armour
 b - a +0 scale mail (worn)
 c - a +0 shield (worn)
 i - a +1 cloak (worn)
 u - a +0 pair of gloves (worn)
Jewellery
 n - a ring of poison resistance (left hand)
 w - a ring of fire (right hand)
Wands
 d - a wand of random effects (8/48)
 g - a wand of digging (15/24)
 m - a wand of confusion (16/48)
 s - a wand of iceblast (3/15)
Scrolls
 e - 3 scrolls of identify
 j - 2 scrolls of enchant weapon
 o - a scroll of enchant armour
 p - 2 scrolls of remove curse
 q - a scroll of magic mapping {unknown}
 r - 3 scrolls of immolation {unknown}
 t - 2 scrolls of fog
 v - a scroll of blinking {unknown}
 y - a scroll of fear
Potions
 l - a potion of flight
Books
 x - a book of Ice

   Spells                             Type                      Level
   a - Ice Form                       Ice/Transmutation            4
   b - Metabolic Englaciation         Hexes/Ice                    5
   c - Ozocubu's Refrigeration        Ice                          6
   d - Bolt of Cold                   Conjuration/Ice              6
   e - Freezing Cloud                 Conjuration/Ice/Air          6
   f - Simulacrum                     Ice/Necromancy               6
Comestibles
 f - 2 bread rations
 h - 4 meat rations
 k - 3 fruits


   Skills:
 - Level 9.6 Fighting
 + Level 2.5 Axes
 - Level 9.6 Armour
 + Level 4.5 Shields


You had 8 spell levels left.
You didn't know any spells.

Dungeon Overview and Level Annotations

Branches:
Dungeon (7/15)             Temple (1/1) D:7

Altars:
Ashenzari
Cheibriados
Dithmenos
Elyvilon
Fedhas
Gozag
Hepliaklqana
Kikubaaqudgha
Makhleb
Nemelex Xobeh
Okawaru
Pakellas
Qazlal
Ru
Sif Muna
Trog
Uskayaw
Vehumet
Xom
Yredelemnul
Zin
The Shining One

Shops:
D:7 ?


Innate Abilities, Weirdness & Mutations

You are under a permanent stasis effect.
You can dig through walls and to a lower floor.
Your four strong arms can wield two-handed weapons with a shield.
You have a pair of large antennae on your head. (SInv)


Message History

The unseen horror hits you but does no damage.
The unseen horror barely misses you.
Are you sure you want to shaft yourself?
You feel somewhat more hungry. You block the unseen horror's attack.
You begin to dig a shaft.
You continue digging a shaft.
The unseen horror hits you but does no damage.
You block the unseen horror's attack. A shaft appears beneath you!
You fall through a shaft for 3 floors!
The shaft crumbles and collapses.
An orc warrior, an orc priest and an orc wizard come into view.
The orc wizard is wielding a dagger of distortion.
The orc warrior shouts!
The orc wizard shouts!
The orc priest shouts!
Found a scroll labeled ELARIU NIVAHAI.
Unknown command.
Unknown command.
The orc priest hits you but does no damage.
The orc wizard casts a spell at you. The magic dart hits you!
You die...

#........
#####.......
....o...?..
..........#
..o.....#
#......#
#...o..# {
#...@..#
#......#
#..#####
..... .....
{ ..... ....
....


You could see an orc warrior, an orc priest and an orc wizard.

Vanquished Creatures
  Grinder (D:5)
  Sigmund (D:5)
  Duvessa (D:5)
  An ice beast (D:5)
  A sky beast (D:6)
  A centaur (D:6)
  An ogre (D:5)
  A big kobold (Sewer)
  2 giant frogs
  Dowan (D:5)
  A scorpion (D:5)
  A howler monkey (D:5)
  A crimson imp (D:5)
  A giant frog zombie (D:6)
  A centaur zombie (D:6)
  A quasit (D:6)
  An orc priest (D:5)
  A centaur skeleton (D:5)
  4 hounds
  3 jellies
  An orc wizard (D:3)
  Natasha (thrice) (D:2)
  5 worker ants
  A worker ant zombie (D:6)
  Robin (D:2)
  3 gnolls (D:5)
  9 adders
  A river rat (Sewer)
  A shadow imp (D:7)
  An adder zombie (D:4)
  An adder skeleton (D:4)
  5 worms
  2 dart slugs
  2 giant geckos
  7 orcs
  A ball python (D:1)
  7 giant cockroaches
  19 goblins
  8 hobgoblins
  6 jackals
  7 kobolds
  5 quokkas
  4 bats
  A giant gecko skeleton (D:5)
  3 giant newts
  11 rats
141 creatures vanquished.

Vanquished Creatures (collateral kills)
  A wasp zombie (D:7)
  An adder (D:7)
  A giant gecko (D:7)
3 creatures vanquished.

Vanquished Creatures (others)
  An ancestor (D:7)
1 creature vanquished.

Grand Total: 145 creatures vanquished

Notes
Turn   | Place    | Note
--------------------------------------------------------------
     0 | D:1      | vatarom the Formicid Fighter began the quest for the Orb.
     0 | D:1      | Reached XP level 1. HP: 18/18 MP: 1/1
   112 | D:1      | Reached XP level 2. HP: 24/24 MP: 2/2
   530 | D:1      | Reached XP level 3. HP: 28/29 MP: 3/3
   713 | D:2      | Noticed Robin
   726 | D:2      | Killed Robin
   726 | D:2      | Reached XP level 4. HP: 30/37 MP: 4/4
   772 | D:2      | Found a bloodstained altar of Trog.
   941 | D:2      | Noticed Natasha
   952 | D:2      | Killed Natasha
  1012 | D:2      | Reached XP level 5. HP: 30/43 MP: 5/5
  1022 | D:2      | Noticed Natasha
  1036 | D:2      | Killed Natasha
  1154 | D:2      | Noticed Natasha
  1160 | D:2      | Killed Natasha
  1160 | D:2      | Reached skill level 5 in Armour
  1165 | D:2      | Reached skill level 5 in Fighting
  1542 | D:3      | Found a glowing drain.
  1575 | Sewer    | Entered a sewer
  1627 | Sewer    | Noticed a big kobold
  1648 | Sewer    | Reached XP level 6. HP: 42/51 MP: 6/6
  1669 | Sewer    | Found a white marble altar of Elyvilon.
  2346 | D:4      | Reached XP level 7. HP: 41/57 MP: 7/7
  2948 | D:5      | Entered Level 5 of the Dungeon
  3130 | D:5      | Noticed Grinder
  3282 | D:5      | Noticed Dowan
  3285 | D:5      | Noticed Duvessa
  3288 | D:5      | Reached XP level 8. HP: 43/67 MP: 8/8
  3303 | D:5      | Killed Duvessa
  3305 | D:5      | Killed Dowan
  3885 | D:5      | Killed Grinder
  4141 | D:5      | Noticed Sigmund
  4149 | D:5      | Killed Sigmund
  4149 | D:5      | Reached XP level 9. HP: 69/75 MP: 9/9
  5147 | D:7      | Found a staircase to the Ecumenical Temple.
  5149 | D:7      | Found Qiucobb's Magic Scroll Shoppe.
  5174 | Temple   | Entered the Ecumenical Temple
  5261 | Temple   | Became a worshipper of Hepliaklqana
  5578 | D:7      | Noticed an unseen horror
  5605 | D:7      | HP: 2/77 [unseen horror (8)]
  5609 | D:7      | You fall through a shaft for 3 floors!
  5609 | D:10     | Entered Level 10 of the Dungeon
  5610 | D:10     | Killed from afar by an orc wizard

Vault maps used:
D:1:      minmay_arrival_checkered_box
D:2:      overflow_temple_1_default, first_bread, uniq_robin, uniq_natasha
D:3:      gup_sewer_entry_glass
D:5:      uniq_grinder, uniq_sigmund, uniq_duvessa
D:6:      grunt_ministairs_9
D:7:      serial_shops, shop, shop_statue
D:10:     grunt_pizzeria
Temple:   compressed_dpeg_circular_temple
Sewer:    sewer_kobolds

Skill      XL: |  1  2  3  4  5  6  7  8  9 |
---------------+----------------------------+-----
Armour         | 4 5 6 7 8 9 |  9.6
Fighting       | 4 5 7 8 9 |  9.6
Shields        | 4 |  4.5
Axes           | |  2.5

Action                   |  1- 3 |  4- 6 |  7- 9 || total
-------------------------+-------+-------+-------++-------
Melee: War axe           |    64 |   189 |   316 ||   569
 Abil: Shaft Self        |       |       |     1 ||     1
  Use: Scroll            |     2 |     5 |       ||     7
       Potion            |       |     6 |     5 ||    11
 Stab: Distracted        |       |       |     1 ||     1
  Eat: Bread ration      |       |     1 |     2 ||     3
       Pizza             |       |       |     2 ||     2
       Chunk             |       |       |     1 ||     1
Armor: Scale mail        |    39 |    87 |   200 ||   326
Dodge: Dodged            |    38 |    68 |   120 ||   226
Block: Shield            |    46 |    93 |   187 ||   326
